 Dungeon Crawl Stone Soup version 0.31-a0-231-g51bb95cda3 (webtiles) character file.

Game seed: 18149432044920722968

288 qw the Shooter (level 6, 0/51 HPs)
             Began as a Minotaur Hexslinger on July 6, 2023.
             Succumbed to a scorpion's poison
             ... on level 4 of the Dungeon.
             The game lasted 00:01:03 (2881 turns).

qw the Shooter (Minotaur Hexslinger)                Turns: 2881, Time: 00:01:04

Health: 0/51       AC:  6    Str: 12    XL:     6   Next: 9%
Magic:  6/6        EV: 11    Int: 10    God:
Gold:   179        SH:  0    Dex: 15    Spells: 6/7 levels left

rFire   . . .        Y - +1 sling
rCold   . . .        (no shield)
rNeg    . . .        e - +0 ring mail
rPois   .            (helmet restricted)
rElec   .            h - +0 cloak
rCorr   .            (no gloves)
SInv    .            (no boots)
Will    .....        (no amulet)
Stlth   +            g - +4 ring of slaying {mikee}
HPRegen 0.28/turn    (no ring)
MPRegen 0.10/turn

%: no passive effects
@: lethally poisoned (0 -> -7)
A: horns 2, retaliatory headbutt
a: no special abilities


You were on level 4 of the Dungeon.
You visited 1 branch of the dungeon, and saw 4 of its levels.

You collected 179 gold pieces.


Innate Abilities, Weirdness & Mutations

You have a pair of horns on your head.
You reflexively headbutt those who attack you in melee.


   Skills:
 + Level 3.3 Fighting
 - Level 6.3 Ranged Weapons
 - Level 1.0 Armour
 - Level 2.1 Dodging
 - Level 1.0 Spellcasting
 - Level 2.0 Hexes


You had 6 spell levels left.
You knew the following spells:

 Your Spells              Type           Power      Damage    Failure   Level
a - Slow                  Hex            16%        N/A       34%         1

Your spell library contained the following spells:

 Spells                   Type           Power      Damage    Failure   Level
 Inner Flame              Hex/Fire       2%         N/A       83%         3
 Portal Projectile        Hex/Tloc       4%         N/A       83%         3
 Cause Fear               Hex            2%         N/A       98%         4

Inventory:

Hand Weapons
 Y - a +1 sling (weapon)
Armour
 e - a +0 ring mail (worn)
 h - a +0 cloak (worn)
Jewellery
 g - a +4 ring of slaying (left hand) {mikee}
Scrolls
 a - a scroll of identify
Potions
 b - a potion of might
 c - a potion of mutation {unknown}
 d - a potion of heal wounds {unknown}
 f - a potion of haste
 j - a potion of brilliance {unknown}

Dungeon Overview and Level Annotations

Branches:
Dungeon (4/15)
 Temple: D:4-7

Altars:


Message History

You shoot a sling bullet.
The sling bullet completely misses the scorpion.
The scorpion stings you.
You shoot a sling bullet. The sling bullet hits the scorpion.
The scorpion is heavily wounded.
The scorpion stings you but does no damage.
You shoot a sling bullet.
The sling bullet closely misses the scorpion.
The scorpion barely misses you. The scorpion stings you.
You are poisoned.
The scorpion poisons you!
You shoot a sling bullet. The sling bullet hits the scorpion.
The scorpion is heavily wounded.
You feel very sick. The scorpion stings you.
You are more poisoned.
The scorpion poisons you!
You shoot a sling bullet. The sling bullet hits the scorpion.
The scorpion is severely wounded.
You feel extremely sick. The scorpion stings you.
You are lethally poisoned!
The scorpion poisons you!
You shoot a sling bullet. The sling bullet hits the scorpion.
The scorpion is almost dead.
You feel extremely sick. The scorpion barely misses you.
The scorpion closely misses you.
You shoot a sling bullet. The sling bullet hits the scorpion.
You kill the scorpion!
You feel very sick.
Your Ranged Weapons skill increases to level 6!
You have reached level 6!
There is a lethal amount of poison in your body!
You feel very sick.
There is a lethal amount of poison in your body!
You feel very sick.
There is a lethal amount of poison in your body!
You feel sick.
There is a lethal amount of poison in your body!
You die...

# #.........# #. ..
#.........# ..##.
#.........#
.....####.........#
..#.......>.......#
.........##)....##
.........##..>...#
..........#####..##
.......<..# ##@.#
..........# #%.#
..........# ##.#
..........# .#
.........## .#
.........# .#
#...####.. .. ..##
.. ..


There were no monsters in sight!

Vanquished Creatures
  A scorpion (D:4)
  2 jellies (D:4)
  2 orc priests (D:3)
  3 adders
  A worm (D:3)
  8 orcs (D:3)
  5 ball pythons
  5 bats
  4 endoplasms
  A giant cockroach (D:2)
  5 goblins
  6 hobgoblins
  3 jackals (D:2)
  3 quokkas
  5 frilled lizards
  6 kobolds
  5 rats
65 creatures vanquished.

Notes
Turn   | Place    | Note
-------+----------+-------------------------------------------
     0 | D:1      | qw the Minotaur Hexslinger began the quest for the Orb.
     0 | D:1      | Reached XP level 1. HP: 16/16 MP: 1/1
     0 | D:1      | 0 ||| qw: Version: 0.3-a-46-gb1f654a
     0 | D:1      | 0 ||| qw: Game counter: 1907
     0 | D:1      | 0 ||| qw: Melee chars always use a shield: true
     0 | D:1      | 0 ||| qw: God list: Okawaru
     0 | D:1      | 0 ||| qw: Allow faded altars: false
     0 | D:1      | 0 ||| qw: Do Orc after clearing Dungeon:15 true
     0 | D:1      | 0 ||| qw: Do second Lair branch before Depths: true
     0 | D:1      | 0 ||| qw: Lair rune preference: random
     0 | D:1      | 0 ||| qw: Goals: Normal
     0 | D:1      | 0 ||| PLANNING D:1-11
   230 | D:1      | Reached skill level 3 in Ranged Weapons
   234 | D:1      | Reached XP level 2. HP: 23/23 MP: 2/2
   847 | D:1      | 847 ||| UPGRADING to +0 ring mail.
   857 | D:1      | 857 ||| DROPPING +0 robe.
   858 | D:1      | 858 ||| UPGRADING to +0 cloak.
   863 | D:1      | 863 ||| DROPPING amulet of magic regeneration.
   864 | D:1      | 864 ||| READING 2 scrolls labelled HYD HAUTUULAN.
   865 | D:1      | 865 ||| DRINKING 2 gluggy clear potions.
   899 | D:1      | 899 ||| DROPPING scroll of poison.
   900 | D:1      | 900 ||| DROPPING potion of lignification.
  1056 | D:2      | Reached XP level 3. HP: 29/29 MP: 3/3
  1401 | D:2      | 1401 ||| FLEEEEING.
  1402 | D:2      | 1402 ||| FLEEEEING.
  1413 | D:2      | Reached skill level 4 in Ranged Weapons
  1775 | D:2      | 1775 ||| READING 2 scrolls of identify.
  1775 | D:2      | 1775 ||| IDENTIFYING glowing inky potion
  1843 | D:3      | Reached skill level 1 in Armour
  1856 | D:3      | HP: 3/29 [orc priest/+0 hand axe (6)]
  1859 | D:3      | Reached XP level 4. HP: 4/36 MP: 4/4
  1879 | D:3      | 1879 ||| FLEEEEING.
  1881 | D:3      | 1881 ||| FLEEEEING.
  1885 | D:3      | 1885 ||| STAIRDANCE
  2071 | D:3      | 2071 ||| FLEEEEING.
  2072 | D:3      | 2072 ||| FLEEEEING.
  2073 | D:3      | 2073 ||| FLEEEEING.
  2074 | D:3      | 2074 ||| FLEEEEING.
  2075 | D:3      | 2075 ||| FLEEEEING.
  2076 | D:3      | 2076 ||| FLEEEEING.
  2077 | D:3      | 2077 ||| FLEEEEING.
  2078 | D:3      | 2078 ||| FLEEEEING.
  2079 | D:3      | 2079 ||| FLEEEEING.
  2080 | D:3      | 2080 ||| FLEEEEING.
  2081 | D:3      | 2081 ||| FLEEEEING.
  2082 | D:3      | 2082 ||| FLEEEEING.
  2083 | D:3      | 2083 ||| FLEEEEING.
  2292 | D:3      | Reached skill level 5 in Ranged Weapons
  2406 | D:3      | Reached skill level 3 in Fighting
  2406 | D:3      | Reached XP level 5. HP: 25/45 MP: 5/5
  2781 | D:3      | 2781 ||| UPGRADING to +4 ring of slaying {mikee}.
  2782 | D:3      | 2782 ||| DROPPING +6 ring of intelligence.
  2783 | D:3      | 2783 ||| READING scroll labelled NEIWUD VUNG.
  2784 | D:3      | 2784 ||| DRINKING 2 black potions.
  2820 | D:4      | 2820 ||| STAIRDANCE
  2877 | D:4      | HP: 9/45 [poisoned by a scorpion]
  2878 | D:4      | Reached skill level 6 in Ranged Weapons
  2878 | D:4      | Reached XP level 6. HP: 10/51 MP: 6/6
  2879 | D:4      | HP: 3/51 [poisoned by a scorpion]
  2881 | D:4      | Succumbed to a scorpion's poison

Levels and vault maps discovered:
D:1:      dpeg_arrival_round_c, layout_loops_ring, minmay_crystal_water,
          minmay_tromino_mix6
D:2:      layout_basic
D:3:      layout_loops_cross
D:4:      layout_rooms, temple_pool_b, serial_curves, eino_curves_03,
          eino_curves_02, eino_curves_03, eino_curves_04,
          minmay_increasing_density, uniq_ijyb

Skill      XL: |  1  2  3  4  5 |
---------------+----------------+-----
Ranged Weapons | 3 4 5 6 |  6.3
Fighting       | 2 3 |  3.3
Armour         | 1 |  1.0
Dodging        | |  2.1
Spellcasting   | |  1.0
Hexes          | |  2.0

Action                     |  1- 3 |  4- 6 || total
---------------------------+-------+-------++-------
   Fire: Sling             |   129 |   112 ||   241
    Use: Scroll            |     2 |     1 ||     3
         Potion            |     1 |     1 ||     2
 Armour: Robe              |     1 |       ||     1
         Ring mail         |    24 |    22 ||    46
  Dodge: Dodged            |    49 |    24 ||    73

Table legend:
 A = Non-vault XP
 B = Vault XP
 C = Vault XP percentage of total XP
 D = Non-vault monster count
 E = Vault monster count
 F = Vault count percentage of total count
                 A         B        C        D         E       F
            +---------+---------+-------+---------+---------+-------
      Total |     405 |       7 |   1.7 |      61 |       4 |   6.2
            +---------+---------+-------+---------+---------+-------
        D:1 |      17 |       7 |  29.2 |      11 |       4 |  26.7
        D:2 |      47 |       0 |   0.0 |      21 |       0 |   0.0
        D:3 |     164 |       0 |   0.0 |      26 |       0 |   0.0
        D:4 |     177 |       0 |   0.0 |       3 |       0 |   0.0
            +---------+---------+-------+---------+---------+-------
